BSA
SPRINGFIELD STARS @ ST. LOUIS BROWNS
10/11/2030
 
TOP OF THE 1ST
Springfield Stars batting - Pitching for St. Louis Browns : LHP Jeff Sandusky
Pitching: LHP Jeff Sandusky
Batting: RHB Norberto Taváres 0-0: Ball
1-0: Foul Ball, location: 2F
1-1: Ball
2-1: Ball
3-1: Swinging Strike
3-2: Ground out 1-3 (Groundball, 15)
Batting: SHB António De La Cruz 0-0: Foul Ball, location: 2F
0-1: Ball
1-1: Swinging Strike
1-2: Ball
2-2: Foul Ball, location: 2F
2-2: Ball
3-2: Base on Balls
Batting: LHB Derek Davidson 0-0: Ball
1-0: Foul Ball, location: 2F
1-1: Foul Ball, location: 2F
1-2: Ball
2-2: Fly out, F8 (Flyball, 8LM)
Batting: LHB Felipe Guerrero 0-0: Ball
1-0: Swinging Strike
1-1: Foul Ball, location: 2F
1-2: Strikes out looking
Top of the 1st over - 0 runs, 0 hits, 0 errors, 1 left on base; Springfield 0 - St. Louis 0
BOTTOM OF THE 1ST
St. Louis Browns batting - Pitching for Springfield Stars : RHP Hyo-chin Ch'oe
Pitching: RHP Hyo-chin Ch'oe
Batting: RHB Pepe Carrasco 0-0: Ball
1-0: SINGLE (Line Drive, 34D)
Batting: LHB Robin Hill 0-0: Ball
1-0: Ball
2-0: Ball
3-0: Fly out, F9 (Flyball, 9S)
Batting: LHB Norberto Muñóz 0-0: Ball
1-0: Fly out, F8 (Line Drive, 78M)
Batting: SHB Víctor Serrano 0-0: Called Strike
0-1: Ball
1-1: Foul Ball, location: 2F
1-2: Ball
2-2: Fly out, F7 (Line Drive, 78S)
Bottom of the 1st over - 0 runs, 1 hit, 0 errors, 1 left on base; Springfield 0 - St. Louis 0
TOP OF THE 2ND
Springfield Stars batting - Pitching for St. Louis Browns : LHP Jeff Sandusky
Batting: LHB Elliott Newell 0-0: Called Strike
0-1: Fly out, F7 (Flyball, 7LM)
Batting: RHB Calvin Bennett 0-0: Ground out 5-3 (Groundball, 56)
Batting: LHB Mike Pearson 0-0: Fly out, F7 (Flyball, 7D)
Top of the 2nd over - 0 runs, 0 hits, 0 errors, 0 left on base; Springfield 0 - St. Louis 0
BOTTOM OF THE 2ND
St. Louis Browns batting - Pitching for Springfield Stars : RHP Hyo-chin Ch'oe
Batting: LHB Junior Coates 0-0: Ball
1-0: Fly out, F7 (Flyball, 7)
Batting: RHB Carlos Alfaro 0-0: Ball
1-0: Ground out 4-3 (Groundball, 4M)
Batting: RHB José Flores 0-0: Ball
1-0: Called Strike
1-1: Called Strike
1-2: Foul Ball, location: 2F
1-2: SINGLE (Groundball, 6MD)
Batting: LHB Dave Watson 0-0: Ball
1-0: Swinging Strike
1-1: 2-RUN HOME RUN (Flyball, 9D), Distance : 385 ft
Batting: LHB Juan Vásquez 0-0: Ball
1-0: Ball
2-0: Foul Ball, location: 2F
2-1: Swinging Strike
2-2: Ball
3-2: Fly out, F2 (Popup, 2R)
Bottom of the 2nd over - 2 runs, 2 hits, 0 errors, 0 left on base; Springfield 0 - St. Louis 2
TOP OF THE 3RD
Springfield Stars batting - Pitching for St. Louis Browns : LHP Jeff Sandusky
Batting: RHB Juan Carlos Rodríguez 0-0: Swinging Strike
0-1: SINGLE (Groundball, 56D)
Batting: RHB José López 0-0: Fly out, F8 (Flyball, 8RM)
Batting: RHB Norberto Taváres 0-0: Ball
1-0: Ball
2-0: Ball
3-0: Called Strike
3-1: Called Strike
3-2: Ground out 5-3 (Groundball, 56S)
Juan Carlos Rodríguez to second
Batting: SHB António De La Cruz 0-0: Ball
1-0: Ball
2-0: Called Strike
2-1: Ball
3-1: Base on Balls
Batting: LHB Derek Davidson 0-0: Ball
1-0: Foul Ball, location: 2F
1-1: Foul Ball, location: 2F
1-2: Fly out, F7 (Flyball, 78M)
Top of the 3rd over - 0 runs, 1 hit, 0 errors, 2 left on base; Springfield 0 - St. Louis 2
BOTTOM OF THE 3RD
St. Louis Browns batting - Pitching for Springfield Stars : RHP Hyo-chin Ch'oe
Batting: RHB Pepe Carrasco 0-0: Called Strike
0-1: SINGLE (Groundball, 4D)
Batting: LHB Robin Hill 0-0: Fly out, F9 (Flyball, 9LM)
Batting: LHB Norberto Muñóz 0-0: DOUBLE (Line Drive, 7D)
Pepe Carrasco to third
Batting: SHB Víctor Serrano 0-0: Ground out 6-3 (Groundball, 6)
Pepe Carrasco scores
Batting: LHB Junior Coates 0-0: Ball
1-0: Called Strike
1-1: Ball
2-1: Called Strike
2-2: Fly out, F7 (Flyball, 7S)
Bottom of the 3rd over - 1 run, 2 hits, 0 errors, 1 left on base; Springfield 0 - St. Louis 3
TOP OF THE 4TH
Springfield Stars batting - Pitching for St. Louis Browns : LHP Jeff Sandusky
Batting: LHB Felipe Guerrero 0-0: Fly out, F8 (Flyball, 8RM)
Batting: LHB Elliott Newell 0-0: Ball
1-0: Foul Ball, location: 2F
1-1: Foul Ball, location: 2F
1-2: Ground out 5-3 (Groundball, 56)
Batting: RHB Calvin Bennett 0-0: Ball
1-0: Ball
2-0: Swinging Strike
2-1: Swinging Strike
2-2: Foul Ball, location: 2F
2-2: Foul Ball, location: 2F
2-2: SINGLE (Groundball, 56D)
Batting: LHB Mike Pearson 0-0: Ball
1-0: Swinging Strike
1-1: Ball
2-1: Ball
3-1: Swinging Strike
3-2: Strikes out looking
Top of the 4th over - 0 runs, 1 hit, 0 errors, 1 left on base; Springfield 0 - St. Louis 3
BOTTOM OF THE 4TH
St. Louis Browns batting - Pitching for Springfield Stars : RHP Hyo-chin Ch'oe
Batting: RHB Carlos Alfaro 0-0: Foul Ball, location: 2F
0-1: Ball
1-1: Foul Ball, location: 2F
1-2: Ball
2-2: Foul Ball, location: 2F
2-2: Foul Ball, location: 2F
2-2: Ground out 4-3 (Groundball, 4)
Batting: RHB José Flores 0-0: Swinging Strike
0-1: Foul Ball, location: 2F
0-2: SINGLE (Groundball, 6D)
Batting: LHB Dave Watson 0-0: Ball
1-0: Called Strike
1-1: Ball
2-1: Foul Ball, location: 2F
2-2: Foul Ball, location: 2F
2-2: Ball
3-2: Base on Balls
José Flores to second
Batting: LHB Juan Vásquez 0-0: Called Strike
0-1: Fielders Choice at 2nd, 6-4 (Groundball, 6)
José Flores to third
Batting: RHB Pepe Carrasco 0-0: Fly out, F9 (Flyball, 9S)
Bottom of the 4th over - 0 runs, 1 hit, 0 errors, 2 left on base; Springfield 0 - St. Louis 3
TOP OF THE 5TH
Springfield Stars batting - Pitching for St. Louis Browns : LHP Jeff Sandusky
Batting: RHB Juan Carlos Rodríguez 0-0: Swinging Strike
0-1: Ball
1-1: Fly out, F9 (Flyball, 9LM)
Batting: RHB José López 0-0: Foul Ball, location: 2F
0-1: Called Strike
0-2: Foul Ball, location: 2F
0-2: Ground out 5-3 (Groundball, 56)
Batting: RHB Norberto Taváres 0-0: Ball
1-0: Ball
2-0: Ball
3-0: Called Strike
3-1: Base on Balls
Batting: SHB António De La Cruz 0-0: Called Strike
0-1: Foul Ball, location: 2F
0-2: Ball
1-2: Ball
2-2: Foul Ball, location: 2F
2-2: Strikes out swinging
Top of the 5th over - 0 runs, 0 hits, 0 errors, 1 left on base; Springfield 0 - St. Louis 3
BOTTOM OF THE 5TH
St. Louis Browns batting - Pitching for Springfield Stars : RHP Hyo-chin Ch'oe
Batting: LHB Robin Hill 0-0: Fly out, F3 (Line Drive, 3)
Batting: LHB Norberto Muñóz 0-0: Called Strike
0-1: Ball
1-1: Ball
2-1: Ground out U3 (Groundball, 3L)
Batting: SHB Víctor Serrano 0-0: Ball
1-0: Fly out, F2 (Popup, 23F)
Bottom of the 5th over - 0 runs, 0 hits, 0 errors, 0 left on base; Springfield 0 - St. Louis 3
TOP OF THE 6TH
Springfield Stars batting - Pitching for St. Louis Browns : LHP Jeff Sandusky
Batting: LHB Derek Davidson 0-0: DOUBLE (Flyball, 89XD)
Batting: LHB Felipe Guerrero 0-0: Called Strike
0-1: Swinging Strike
0-2: Strikes out swinging
Batting: LHB Elliott Newell 0-0: Called Strike
0-1: Ball
1-1: Ball
2-1: Ball
3-1: Swinging Strike
3-2: Strikes out swinging, 2-3 out at first.
Batting: RHB Calvin Bennett 0-0: Ball
1-0: Swinging Strike
1-1: Ball
2-1: Fly out, F3 (Popup, 34S)
Top of the 6th over - 0 runs, 1 hit, 0 errors, 1 left on base; Springfield 0 - St. Louis 3
BOTTOM OF THE 6TH
St. Louis Browns batting - Pitching for Springfield Stars : RHP Hyo-chin Ch'oe
Batting: LHB Junior Coates 0-0: Ball
1-0: Ground out 5-3 (Groundball, 56)
Batting: RHB Carlos Alfaro 0-0: Ball
1-0: Called Strike
1-1: Called Strike
1-2: Ball
2-2: Ball
3-2: Fly out, F7 (Flyball, 7S)
Batting: RHB José Flores 0-0: Ground out 6-3 (Groundball, 6S)
Bottom of the 6th over - 0 runs, 0 hits, 0 errors, 0 left on base; Springfield 0 - St. Louis 3
TOP OF THE 7TH
Springfield Stars batting - Pitching for St. Louis Browns : LHP Jeff Sandusky
Batting: LHB Mike Pearson 0-0: Swinging Strike
0-1: Ball
1-1: Called Strike
1-2: Strikes out swinging
Batting: RHB Juan Carlos Rodríguez 0-0: Ball
1-0: Swinging Strike
1-1: Ball
2-1: Fly out, F5 (Line Drive, 5L)
Batting: RHB José López 0-0: Called Strike
0-1: Swinging Strike
0-2: Strikes out swinging
Top of the 7th over - 0 runs, 0 hits, 0 errors, 0 left on base; Springfield 0 - St. Louis 3
BOTTOM OF THE 7TH
St. Louis Browns batting - Pitching for Springfield Stars : RHP Hyo-chin Ch'oe
Batting: LHB Dave Watson 0-0: Ball
1-0: Ball
2-0: Foul Ball, location: 2F
2-1: Ball
3-1: Foul Ball, location: 2F
3-2: Foul Ball, location: 2F
3-2: Foul Ball, location: 2F
3-2: Strikes out swinging
Batting: LHB Juan Vásquez 0-0: Foul Ball, location: 2F
0-1: Foul Ball, location: 2F
0-2: Ball
1-2: Ground out 5-3 (Groundball, 5)
Batting: RHB Pepe Carrasco 0-0: Ball
1-0: Called Strike
1-1: Foul Ball, location: 2F
1-2: Ball
2-2: Strikes out swinging
Bottom of the 7th over - 0 runs, 0 hits, 0 errors, 0 left on base; Springfield 0 - St. Louis 3
TOP OF THE 8TH
Springfield Stars batting - Pitching for St. Louis Browns : LHP Jeff Sandusky
Now in RF: Miguel Medellín
Batting: RHB Norberto Taváres 0-0: Foul Ball, location: 2F
0-1: Ball
1-1: Swinging Strike
1-2: Foul Ball, location: 2F
1-2: Ball
2-2: Ball
3-2: Ground out 6-3 (Groundball, 6)
Pitching: LHP José Garza
Batting: SHB António De La Cruz 0-0: Ball
1-0: Called Strike
1-1: Foul Ball, location: 2F
1-2: Foul Ball, location: 2F
1-2: SINGLE (Line Drive, 4MD)
Batting: LHB Derek Davidson 0-0: Ball
1-0: SINGLE (Groundball, 34)
António De La Cruz to second
Runner from 2nd tries for 3rd, OUT!
Batting: LHB Felipe Guerrero 0-0: Ball
1-0: Foul Ball, location: 2F
1-1: Foul Ball, location: 2F
1-2: Strikes out looking
Top of the 8th over - 0 runs, 2 hits, 0 errors, 1 left on base; Springfield 0 - St. Louis 3
BOTTOM OF THE 8TH
St. Louis Browns batting - Pitching for Springfield Stars : RHP Hyo-chin Ch'oe
Pitching: LHP Valentín Reséndez
Batting: LHB Robin Hill 0-0: Swinging Strike
0-1: Foul Ball, location: 2F
0-2: Ball
1-2: Foul Ball, location: 2F
1-2: Ball
2-2: Ball
3-2: Strikes out swinging
Batting: LHB Norberto Muñóz 0-0: Called Strike
0-1: Ground out U3 (Groundball, 34)
Batting: SHB Víctor Serrano 0-0: Foul Ball, location: 2F
0-1: Ball
1-1: Ball
2-1: Swinging Strike
2-2: Ball
3-2: Base on Balls
Batting: LHB Junior Coates 0-0: Called Strike
0-1: Ball
1-1: Foul Ball, location: 2F
1-2: Foul Ball, location: 2F
1-2: Fly out, F9 (Flyball, 9S)
Bottom of the 8th over - 0 runs, 0 hits, 0 errors, 1 left on base; Springfield 0 - St. Louis 3
TOP OF THE 9TH
Springfield Stars batting - Pitching for St. Louis Browns : LHP José Garza
Pitching: RHP Jorge Pérez
Batting: LHB Elliott Newell 0-0: Ball
1-0: Ball
2-0: Foul Ball, location: 2F
2-1: Ball
3-1: Foul Ball, location: 2F
3-2: Base on Balls
Batting: RHB Calvin Bennett 0-0: Ball
1-0: Called Strike
1-1: Called Strike
1-2: Ball
2-2: Grounds into double play, 6-4-3 (Groundball, 6)
Batting: LHB Mike Pearson 0-0: Called Strike
0-1: SINGLE (Groundball, 4MD)
Batting: RHB Juan Carlos Rodríguez 0-0: SINGLE (Groundball, 6MD)
Mike Pearson to second
Pinch Hitting: LHB Will Hill 0-0: Fly out, F8 (Flyball, 8RD)
Top of the 9th over - 0 runs, 2 hits, 0 errors, 2 left on base; Springfield 0 - St. Louis 3
Saturday, April 7th, 2018 - OOTP Baseball 18.8 Build 76